 Dungeon Sprint DCSS version 0.21.1-1-g345015fe64 (webtiles) character file.

309478 Groucho the Imperceptible (level 14, 79/79 HPs)
             Began as a Spriggan Enchanter on Apr 15, 2018.
             Was the Champion of Dithmenos.
             Escaped with the Orb!
             The game lasted 00:28:24 (5488 turns).

Groucho the Imperceptible (Spriggan Enchanter)      Turns: 5488, Time: 00:28:25

Health: 79/79      AC: 15    Str:  7    XL:     14   Next: 38%
Magic:  36/36      EV: 34    Int: 17    God:    Dithmenos [******]
Gold:   725        SH:  0    Dex: 18    Spells: 11/47 levels left

rFire    . . .     SeeInvis +   w - +4 dagger
rCold    . . .     Gourm    .   (shield restricted)
rNeg     . . .     Faith    .   C - +1 steam dragon scales
rPois    .         Spirit   .   (helmet restricted)
rElec    .         Reflect  .   D - +0 cloak
rCorr    .         Harm     .   (gloves unavailable)
MR       ++...     NoTele   +   (boots unavailable)
Stlth    ++++++....             (no amulet)
HPRegen  0.23/turn              z - +6 ring of protection
MPRegen  0.25/turn              A - ring of stealth

@: wreathed by umbra, very quick
A: very small, unfitting armour, see invisible, herbivore, speed 3, slow
metabolism 2, MP-powered wands
0: Orb of Zot
a: Shadow Step, Shadow Form, Renounce Religion


You escaped.
You worshipped Dithmenos.
Dithmenos was exalted by your worship.
You were not hungry.

You visited 1 branch You collected 4077 gold pieces.
You spent 3352 gold pieces at shops.

Inventory:

Hand Weapons
 s - a +0 blowgun
 v - a +1 rapier of venom
 w - a +4 dagger (weapon)
Missiles
 t - 6 curare-tipped needles
 u - 28 stones (quivered)
Armour
 r - a +0 troll leather armour
 x - a +1 robe of fire resistance
 C - +1 steam dragon scales (worn)
 D - a +0 cloak (worn)
Jewellery
 z - a +6 ring of protection (left hand)
 A - a ring of stealth (right hand)
Wands
 o - a wand of digging (5)
 q - a wand of disintegration (14)
Scrolls
 f - a scroll of silence {unknown}
 i - a scroll of identify
 m - a scroll of immolation {unknown}
 n - a scroll of amnesia
 y - a scroll of fog {unknown}
 B - a scroll of torment {unknown}
 F - a scroll of random uselessness {unknown}
Potions
 a - a potion of invisibility {unknown}
 e - a potion of curing
 h - 2 potions of magic
 j - a potion of might
 k - a potion of berserk rage
Books
 c - a book of Maledictions

   Spells                             Type                      Level
   a - Corona                         Hexes                        1
   b - Ensorcelled Hibernation        Hexes/Ice                    2
   c - Confuse                        Hexes                        3
   d - Tukima's Dance                 Hexes                        3
   e - Dazzling Spray                 Conjuration/Hexes            3
 g - a book of Frost

   Spells                             Type                      Level
   a - Freeze                         Ice                          1
   b - Throw Frost                    Conjuration/Ice              2
   c - Ozocubu's Armour               Charms/Ice                   3
   d - Throw Icicle                   Conjuration/Ice              4
   e - Summon Ice Beast               Ice/Summoning                4
 l - a book of Conjurations

   Spells                             Type                      Level
   a - Magic Dart                     Conjuration                  1
   b - Searing Ray                    Conjuration                  2
   c - Dazzling Spray                 Conjuration/Hexes            3
   d - Fulminant Prism                Conjuration/Hexes            4
   e - Force Lance                    Conjuration/Translocation    4
   f - Iskenderun's Mystic Blast      Conjuration                  4
 E - a book of Burglary

   Spells                             Type                      Level
   a - Swiftness                      Charms/Air                   2
   b - Passwall                       Transmutation/Earth          2
   c - Passage of Golubria            Translocation                4
   d - Lee's Rapid Deconstruction     Earth                        5
   e - Darkness                       Hexes                        6
   f - Invisibility                   Hexes                        6
 H - a book of Cantrips

   Spells                             Type                      Level
   a - Confusing Touch                Hexes                        1
   b - Animate Skeleton               Necromancy                   1
   c - Summon Small Mammal            Summoning                    1
   d - Apportation                    Translocation                1
Comestibles
 d - a ration


   Skills:
 * Level 11.6 Fighting
 - Level 11.0 Short Blades
 * Level 10.2 Armour
 * Level 18.4 Dodging
 - Level 21.1 Stealth
 + Level 17.2 Spellcasting
 + Level 5.1 Conjurations
 - Level 15.0 Hexes
 + Level 9.7 Charms
 + Level 9.8 Translocations


You had 11 spell levels left.
You knew the following spells:

 Your Spells              Type           Power        Failure   Level  Hunger
a - Corona                Hex            ######.      0%          1    None
b - Ensorcelled Hibernat  Hex/Ice        #####.       1%          2    None
c - Confuse               Hex            ######..     1%          3    None
d - Dazzling Spray        Conj/Hex       #####.       1%          3    None
e - Tukima's Dance        Hex            ######..     1%          3    None
f - Darkness              Hex            ######....   1%          6    #####..
g - Invisibility          Hex            ######..     1%          6    #####..
h - Ozocubu's Armour      Chrm/Ice       ####....     1%          3    None
i - Force Lance           Conj/Tloc      #####...     1%          4    None
j - Passage of Golubria   Tloc           N/A          1%          4    None
k - Apportation           Tloc           #####.       1%          1    None


Dungeon Overview and Level Annotations

Branches:
Dungeon (1/1)

Altars:
Cheibriados
Dithmenos
Elyvilon
Fedhas
Gozag
Hepliaklqana
Kikubaaqudgha
Makhleb
Nemelex Xobeh
Okawaru
Qazlal
Ru
Sif Muna
Trog
Uskayaw
Vehumet
Wu Jian
Xom
Yredelemnul
Zin
The Shining One
Jiyva
Lugonu

Shops:
D [!*(*(=}([}[!*[[}:

Annotations:
D Lom Lobon, Tiamat


Innate Abilities, Weirdness & Mutations

You are very small and have problems with some larger weapons.
You are too small for most types of armour.
You have supernaturally acute eyesight. (SInv)
You are a herbivore.
You cover ground extremely quickly.
You need consume almost no food.
You expend magic power (3 MP) to strengthen your wands.


Message History

There is an open door here.
You see here a robe.
There is an open door, spattered with blood here.
Things that are here:
a +1 dagger; a dagger You see here a +0 robe.
There is an open door here.
You avoid triggering an arrow trap.
There is an arrow trap here.
There is an open door here.
There is an open door here.
Things that are here:
a scythe; a robe
There is an open door here.
You see here a giant club.
There is an open door here.
You see here a leather armour.
There is an open door here.
There is a staircase leading out of the dungeon here.
You have escaped!

##################
#@.#.['..#.)'..#__
#..'..#.)'..#..'^.
#..#####'#####'#__
#..####..#...#.###
#..#__####..##.#≈§
#..#_____##'#_.§≈§
#⌠⌠#_.∩...'..._#≈§
#..._..__##_.#'##+
#..#_____###'#.#[.


There were no monsters in sight!

Vanquished Creatures
  the Lernaean hydra (D)
  A golden dragon (D)
  A deep elf master archer (D)
  A shadow dragon (D)
  4 fire giants (D)
  A daeva (D)
  A lorocyproca (D)
  A deep elf annihilator (D)
  A mummy priest (D)
  A hydra (D)
  2 centaur warriors (D)
  Sonja (D)
  A deep troll (D)
  7 unseen horrors (D)
  A lindwurm (D)
  2 oklob plants (D)
  2 merfolk sirens (D)
  A gargoyle (D)
  2 kobold demonologists (D)
  A hellwing (D)
  4 demonic crawlers (D)
  A meliai (D)
  5 hornets (D)
  A slime creature (D)
  Sigmund (D)
  2 redbacks (D)
  13 hogs (D)
  A yak (D)
  3 floating eyes (D)
  7 necrophages (D)
  An ogre (D)
  8 jellies (D)
  Ijyb (D)
  4 ballistomycetes (D)
85 creatures vanquished.

Vanquished Creatures (others)
  A gargoyle (D)
  2 ballistomycete spores (D)
3 creatures vanquished.

Grand Total: 88 creatures vanquished

Notes
Turn   | Place    | Note
-------+----------+-------------------------------------------
     0 | D        | Groucho the Spriggan Enchanter began the quest for the Orb.
     0 | D        | Reached XP level 1. HP: 9/9 MP: 5/5
     2 | D        | Noticed Ijyb
     9 | D        | Killed Ijyb
     9 | D        | Reached skill level 7 in Stealth
     9 | D        | Reached skill level 5 in Hexes
     9 | D        | Reached XP level 2. HP: 3/13 MP: 6/8
   372 | D        | Learned a level 2 spell: Ensorcelled Hibernation
   375 | D        | Noticed an ogre
   377 | D        | Killed an ogre
   377 | D        | Reached skill level 10 in Stealth
   377 | D        | Reached XP level 3. HP: 16/16 MP: 8/11
   377 | D        | Reached XP level 4. HP: 21/21 MP: 9/13
   578 | D        | Noticed Sigmund
   580 | D        | Killed Sigmund
   580 | D        | Reached skill level 13 in Stealth
   580 | D        | Reached XP level 5. HP: 24/24 MP: 14/16
   580 | D        | Reached XP level 6. HP: 28/28 MP: 14/17
   594 | D        | Found a deep blue altar of Sif Muna.
   595 | D        | Found an ornate altar of the Wu Jian Council.
   596 | D        | Found a radiant altar of Vehumet.
   600 | D        | Reached skill level 14 in Stealth
   637 | D        | Found Ogisom's Distillery.
   637 | D        | Found an ancient bone altar of Kikubaaqudgha.
   637 | D        | Found a hazy altar of Hepliaklqana.
   637 | D        | Found a stormy altar of Qazlal.
   637 | D        | Found a hide-covered altar of Uskayaw.
   637 | D        | Found a blossoming altar of Fedhas.
   637 | D        | Found a bloodstained altar of Trog.
   637 | D        | Found an iron altar of Okawaru.
   637 | D        | Found a basalt altar of Yredelemnul.
   637 | D        | Found a glowing golden altar of the Shining One.
   637 | D        | Found a snail-covered altar of Cheibriados.
   637 | D        | Found a sacrificial altar of Ru.
   637 | D        | Found a glowing silver altar of Zin.
   637 | D        | Found a shadowy altar of Dithmenos.
   637 | D        | Found a white marble altar of Elyvilon.
   637 | D        | Noticed a yak
   638 | D        | Found an opulent altar of Gozag.
   639 | D        | Killed a yak
   639 | D        | Reached skill level 15 in Stealth
   640 | D        | Found a sparkling altar of Nemelex Xobeh.
   648 | D        | Became a worshipper of Dithmenos the Shadowed
   667 | D        | Found a burning altar of Makhleb.
   667 | D        | Found a shimmering altar of Xom.
   667 | D        | Noticed a slime creature
   668 | D        | Found a viscous altar of Jiyva.
   668 | D        | Found a corrupted altar of Lugonu.
   670 | D        | Killed a slime creature
   670 | D        | Reached skill level 16 in Stealth
   670 | D        | Reached skill level 10 in Hexes
   670 | D        | Reached XP level 7. HP: 32/32 MP: 21/21
   704 | D        | Bought a potion of brilliance for 44 gold pieces
   716 | D        | Learned a level 3 spell: Confuse
   720 | D        | Learned a level 3 spell: Dazzling Spray
   724 | D        | Learned a level 3 spell: Tukima's Dance
   724 | D        | Noticed a centaur warrior
   725 | D        | Noticed a centaur warrior
   726 | D        | Killed a centaur warrior
   726 | D        | Reached skill level 18 in Stealth
   726 | D        | Reached XP level 8. HP: 36/36 MP: 22/24
   727 | D        | Killed a centaur warrior
   727 | D        | Reached * piety under Dithmenos
   727 | D        | Reached skill level 20 in Stealth
   739 | D        | Noticed a hornet
   742 | D        | Killed a hornet
   742 | D        | Reached XP level 9. HP: 39/39 MP: 24/26
   753 | D        | Noticed an oklob plant
   755 | D        | Killed an oklob plant
   755 | D        | Reached skill level 21 in Stealth
   764 | D        | Reached ** piety under Dithmenos
   764 | D        | Reached skill level 1 in Fighting
   792 | D        | Killed a gargoyle
  1059 | D        | Reached skill level 1 in Armour
  1066 | D        | Noticed an unseen horror
  1067 | D        | Noticed an unseen horror
  1073 | D        | Killed an unseen horror
  1073 | D        | Reached *** piety under Dithmenos
  1073 | D        | Reached skill level 5 in Dodging
  1075 | D        | Killed an unseen horror
  1075 | D        | Reached XP level 10. HP: 49/49 MP: 28/28
  1080 | D        | Reached skill level 5 in Short Blades
  1082 | D        | Reached **** piety under Dithmenos
  1104 | D        | Reached ***** piety under Dithmenos
  1156 | D        | Found Umaogrit's Antique Weapon Shoppe.
  1156 | D        | Found Apytujea's General Store.
  1156 | D        | Found Viuskas's Assorted Antiques.
  1158 | D        | Found Lepruef's Weapon Emporium.
  1158 | D        | Found Bomez's Jewellery Shop.
  1158 | D        | Found Fatedaac's Gadget Shoppe.
  1158 | D        | Found Kahah's Antique Weapon Boutique.
  1158 | D        | Found Zihuxe's Antique Armour Emporium.
  1158 | D        | Found Paghar's Gadget Shop.
  1158 | D        | Found Bugixi's Antique Armour Shoppe.
  1164 | D        | Bought a wand of digging (10) for 308 gold pieces
  1166 | D        | Found Haeng's Distillery.
  1167 | D        | Found Ewefavocw's Antique Armour Emporium.
  1167 | D        | Found Ucsearih's General Store.
  1168 | D        | Found Xaicwas's Gadget Emporium.
  1180 | D        | Bought a potion of flight for 42 gold pieces
  1225 | D        | Noticed a deep troll
  1227 | D        | Killed a deep troll
  1234 | D        | Noticed Sonja
  1239 | D        | Killed Sonja
  1239 | D        | Reached skill level 5 in Fighting
  1259 | D        | Found Kiojysuf's Armour Emporium.
  1301 | D        | Found Viur's Antique Armour Boutique.
  1740 | D        | Paralysed by a floating eye for 4 turns
  1751 | D        | Noticed a rust devil
  1753 | D        | Reached ****** piety under Dithmenos
  1753 | D        | Reached skill level 10 in Dodging
  2238 | D        | Noticed a lindwurm
  2241 | D        | Killed a lindwurm
  2241 | D        | Reached XP level 11. HP: 56/56 MP: 30/30
  2280 | D        | Reached skill level 15 in Spellcasting
  2294 | D        | Reached skill level 5 in Armour
  2530 | D        | Noticed a 12-headed hydra
  2532 | D        | Killed a 12-headed hydra
  2599 | D        | Noticed a shadow dragon
  2599 | D        | Noticed a golden dragon
  2604 | D        | Killed a shadow dragon
  2604 | D        | Reached skill level 10 in Short Blades
  2606 | D        | Killed a golden dragon
  2606 | D        | Reached skill level 15 in Hexes
  2673 | D        | Found Hennubov's Book Shoppe.
  2775 | D        | Bought runed steam dragon scales for 1118 gold pieces
  2807 | D        | Bought a cloak for 117 gold pieces
  2984 | D        | Bought a book of Burglary for 900 gold pieces
  2991 | D        | Learned a level 6 spell: Darkness
  2998 | D        | Learned a level 6 spell: Invisibility
  3002 | D        | Learned a level 3 spell: Ozocubu's Armour
  3007 | D        | Learned a level 4 spell: Force Lance
  3057 | D        | Reached skill level 1 in Charms
  3057 | D        | Reached skill level 1 in Translocations
  3342 | D        | Noticed a lorocyproca
  3365 | D        | Killed a lorocyproca
  3365 | D        | Reached skill level 1 in Conjurations
  3365 | D        | Reached XP level 12. HP: 50/65 MP: 3/32
  3758 | D        | Noticed a deep elf annihilator
  3768 | D        | Noticed a mummy priest
  3774 | D        | Killed a deep elf annihilator
  3779 | D        | Reached skill level 15 in Dodging
  3780 | D        | Killed a mummy priest
  3786 | D        | Reached skill level 5 in Charms
  3786 | D        | Reached skill level 5 in Translocations
  3895 | D        | Gained mutation: You expend magic power (3 MP) to strengthen your wands. [mutagenic glow]
  4438 | D        | Noticed the 27-headed Lernaean hydra
  4442 | D        | Killed the 27-headed Lernaean hydra
  4442 | D        | Reached skill level 10 in Fighting
  4443 | D        | Noticed a deep elf master archer
  4448 | D        | Killed a deep elf master archer
  4467 | D        | Noticed Lom Lobon
  4498 | D        | Learned a level 4 spell: Passage of Golubria
  4585 | D        | Bought a potion of experience for 550 gold pieces
  4634 | D        | Noticed a daeva
  4666 | D        | Killed a daeva
  4787 | D        | Reached XP level 13. HP: 63/72 MP: 22/34
  4971 | D        | Noticed a fire giant
  4999 | D        | Killed a fire giant
  5006 | D        | Noticed a fire giant
  5007 | D        | Noticed a fire giant
  5008 | D        | Noticed a fire giant
  5011 | D        | Killed a fire giant
  5013 | D        | Killed a fire giant
  5013 | D        | Reached skill level 10 in Armour
  5015 | D        | Killed a fire giant
  5015 | D        | Reached skill level 5 in Conjurations
  5226 | D        | Bought a book of Cantrips for 240 gold pieces
  5228 | D        | Learned a level 1 spell: Apportation
  5314 | D        | Bought a potion of flight for 33 gold pieces
  5404 | D        | Reached XP level 14. HP: 79/79 MP: 32/36
  5410 | D        | Noticed Tiamat
  5412 | D        | Got the Orb of Zot
  5488 | D        | Escaped with the Orb!

Skill      XL: |  1  2  3  4  5  6  7  8  9 10 11 12 13 |
---------------+----------------------------------------+-----
Stealth        | 7 10 13 16 18 20 21 | 21.1
Spellcasting   | 4 6 7 9 11 12 13 14 15 16 17 | 17.2
Hexes          | 5 6 8 10 11 12 13 14 15 | 15.0
Fighting       | 3 6 8 10 11 | 11.6
Short Blades   | 4 8 11 | 11.0
Dodging        | 7 11 14 17 18 | 18.4
Armour         | 2 4 7 9 10 | 10.2
Charms         | 2 7 9 |  9.7
Translocations | 2 7 9 |  9.8
Conjurations   | 1 4 5 |  5.1

Action                   |  1- 3 |  4- 6 |  7- 9 | 10-12 | 13-15 || total
-------------------------+-------+-------+-------+-------+-------++-------
Melee: Dagger            |     6 |     4 |    10 |   125 |    16 ||   161
Throw: Stone             |       |       |       |     2 |       ||     2
 Cast: Ensorcelled Hiber |       |       |     1 |    25 |     2 ||    28
       Confuse           |       |       |       |     5 |     1 ||     6
       Dazzling Spray    |       |       |       |    15 |     2 ||    17
       Ozocubu's Armour  |       |       |       |     7 |     1 ||     8
       Force Lance       |       |       |       |     5 |       ||     5
       Invisibility      |       |       |       |     4 |     1 ||     5
       Darkness          |       |       |       |     3 |     1 ||     4
       Passage of Golubr |       |       |       |     1 |       ||     1
Evoke: Wand              |       |       |       |     4 |     1 ||     5
  Use: Potion            |     1 |       |       |    10 |     2 ||    13
       Scroll            |       |       |     1 |     3 |     1 ||     5
 Stab: Sleeping          |     1 |     4 |     9 |    52 |     6 ||    72
       Confused          |       |       |       |     3 |       ||     3
       Invisible         |       |       |       |     4 |     3 ||     7
  Eat: Ration            |       |       |       |     2 |     1 ||     3
Armor: Robe              |       |       |       |     1 |       ||     1
       Steam dragon scal |       |       |       |     5 |     2 ||     7
Dodge: Dodged            |     2 |       |       |    24 |     8 ||    34
